 Dungeon Crawl Stone Soup version 0.17.0-28-g6e173f8 (webtiles) character file.

70 R18 the Sneak (level 4, -2/39 HPs)
             Began as a Naga Assassin on Nov 29, 2015.
             Slain by an orc
             ... wielding a +0 mace
              (5 damage)
             ... on level 3 of the Dungeon.
             The game lasted 00:03:05 (1723 turns).

R18 the Sneak (Naga Assassin)                       Turns: 1723, Time: 00:03:06

Health: -2/39      AC:  3    Str: 13    XL:     4   Next: 22%
Magic:  4/4        EV:  9    Int: 12    God:
Gold:   95         SH:  0    Dex: 13    Spells: 0 memorised, 3 levels left

rFire  . . .     SeeInvis +     a - +2 dagger
rCold  . . .     Clarity  .     c - +0 robe
rNeg   . . .     SustAt   .     (no shield)
rPois  +         Gourm    .     (no helmet)
rElec  .         Spirit   .     d - +0 cloak
rCorr  .         Warding  .     (no gloves)
rMut   .         Stasis   .     (no barding)
MR     .....                    (no amulet)
Stlth  ++++......               (no ring)
                                (no ring)

@: very slow, not resistant to hostile enchantments, stealthy
A: see invisible, deformed body, poison resistance, slowness 2, slow metabolism
1, spit poison 2, AC +1
a: Spit Poison


You were on level 3 of the Dungeon.
You were not hungry.

You visited 1 branch of the dungeon, and saw 3 of its levels.

You collected 95 gold pieces.

Inventory:

Hand Weapons
 a - a +2 dagger (weapon)
 b - a +0 blowgun
 s - a +0 hunting sling
Missiles
 e - 8 poisoned needles
 f - 2 curare-tipped needles
 j - 32 bolts
 k - 15 steel sling bullets
Armour
 c - a +0 robe (worn)
 d - a +0 cloak (worn)
 x - a +0 large shield
Jewellery
 l - an uncursed ring of ice {unknown}
Scrolls
 p - a scroll of noise
 q - a scroll of fear {unknown}
 r - a scroll of identify {unknown}
 t - a scroll of magic mapping {unknown}
 u - a scroll of fog {unknown}
 v - a scroll of enchant weapon {unknown}
 w - a scroll of teleportation {unknown}
Potions
 h - a potion of curing
 m - a potion of beneficial mutation {unknown}
 o - a potion of agility {unknown}
 z - a potion of poison {unknown}
Comestibles
 g - a bread ration
 i - a beef jerky
 n - 3 meat rations


   Skills:
 - Level 2.0 Fighting
 + Level 2.8 Short Blades
 - Level 1.7 Throwing
 - Level 0.7 Dodging
 * Level 7.8 Stealth


You had 3 spell levels left.
You didn't know any spells.

Dungeon Overview and Level Annotations

Branches:
Dungeon (3/15)

Altars:
Nemelex Xobeh

Annotations:
D:3 R18's ghost, weakling HEWn


Innate Abilities, Weirdness & Mutations

You cannot wear boots.
Your serpentine skin is tough (AC +1).
You have supernaturally acute eyesight.
Armour fits poorly on your strangely shaped body.
Your system is resistant to poisons.
You cover ground very slowly.
You have a slow metabolism.
You can spit poison.


Message History

The ooze hits you but does no damage.
Unknown command.
The orc hits you from afar with a trident.
The orc misses you.
The orc wizard gestures at you while chanting.
The magic dart hits you! The orc barely misses you.
Unknown command.
You bump into the rock wall.
The orc hits you with a war axe. The orc hits you with a mace.
The ooze hits you.
* * * LOW HITPOINT WARNING * * *
The orc hits you from afar with a trident!
* * * LOW HITPOINT WARNING * * *
Unknown command.
Drink which item? (? for menu, Esc to quit)
You feel better. The orc hits you with a war axe.
* * * LOW HITPOINT WARNING * * *
The ooze hits you.
* * * LOW HITPOINT WARNING * * *
The orc hits you with a mace.
You die...

# #.#############
#.............
###.##ooo.......#
..
....5WoJ@..####.#
#.# #
###.##o###.# #.#
#.# # ... #.# #.#
#.# . #.### #.#
#.# #.# ## # #.#
##.####.###.
#.###.#.....##..
#...............
##########..##..
#..###.


You could see an orc wizard, R18's ghost, an ooze, a white imp and 4 orcs.

Vanquished Creatures
  3 adders
  An ooze (D:1)
  2 worms (D:2)
  A giant gecko (D:2)
  An orc (D:2)
  A ball python (D:2)
  2 bats (D:1)
  A giant cockroach (D:1)
  3 goblins
  A hobgoblin (D:1)
  2 jackals (D:3)
  10 kobolds
  A giant newt (D:1)
  8 rats
37 creatures vanquished.

Vanquished Creatures (others)
  A bat (D:1)
1 creature vanquished.

Grand Total: 38 creatures vanquished

Notes
Turn   | Place    | Note
--------------------------------------------------------------
     0 | D:1      | R18 the Naga Assassin began the quest for the Orb.
     0 | D:1      | Reached XP level 1. HP: 19/19 MP: 1/1
    17 | D:1      | Reached skill level 6 in Stealth
    47 | D:1      | Reached XP level 2. HP: 26/26 MP: 2/2
   392 | D:1      | Found a sparkling altar of Nemelex Xobeh.
   805 | D:2      | Reached XP level 3. HP: 23/32 MP: 3/3
   941 | D:2      | Reached skill level 7 in Stealth
  1378 | D:3      | Noticed R18's ghost (weakling HEWn)
  1625 | D:3      | Reached XP level 4. HP: 28/39 MP: 4/4
  1722 | D:3      | HP: 1/39 [orc/trident (8)]
  1723 | D:3      | Slain by an orc

Action                   |  1- 3 |  4- 6 || total
-------------------------+-------+-------++-------
Melee: Dagger            |   126 |     3 ||   129
 Abil: Spit Poison       |     5 |     1 ||     6
  Use: Scroll            |     1 |       ||     1
       Potion            |       |     1 ||     1
 Stab: Sleeping          |    10 |     1 ||    11
  Eat: Beef jerky        |     1 |       ||     1
       Chunk             |     1 |       ||     1
